 Dungeon Crawl Stone Soup version 0.28.0-43-g3370ac3207 (webtiles) character file.

Game seed: 5756743888480402976

3504 Tinkle the Severer (level 9, 0/69 (74) HPs)
             Began as a Minotaur Berserker on Mar 11, 2022.
             Was a High Priest of Trog.
             Slain by a freezing wraith (6 damage)
             ... on level 8 of the Dungeon.
             The game lasted 00:43:19 (9875 turns).

Tinkle the Severer (Minotaur Berserker)             Turns: 9875, Time: 00:43:20

HP:   0/69 (74)     AC: 14    Str: 27    XL:     9   Next: 80%
MP:   8/8           EV:  7    Int:  4    God:    Trog [*****.]
Gold: 339           SH:  9    Dex:  9    Spells: 8/8 levels left

rFire   . . .      SeeInvis .   a - +0 war axe (venom)
rCold   . . .      Faith    .   q - +0 buckler
rNeg    . . .      Spirit   .   v - +0 plate armour
rPois   .          Reflect  +   (helmet restricted)
rElec   .          Harm     .   (no cloak)
rCorr   .          Rampage  .   e - +0 pair of gloves
Will    .....                   B - +0 pair of boots {Fly}
Stlth   ..........              f - amulet of reflection
HPRegen 0.21/turn               (no ring)
MPRegen 0.11/turn               (no ring)

@: flying, drained
A: horns 2, retaliatory headbutt
a: Renounce Religion, Berserk, Trog's Hand, Brothers in Arms


You were on level 8 of the Dungeon.
You worshipped Trog.
Trog was extremely pleased with you.
You visited 1 branch of the dungeon, and saw 9 of its levels.

You collected 339 gold pieces.

Inventory:

Hand Weapons
 a - a +0 war axe of venom (weapon)
 b - the +0 mace of Drought {vorpal, Fly Will+ SInv}
   (You found it on level 3 of the Dungeon)

   It inflicts extra damage upon your enemies.
   SInv:      It lets you see invisible.
   Fly:       It grants you flight.
   Will:      It increases your willpower.
 z - the +9 falchion "Yrulauna" {flame, rF+}
   (You found it on level 7 of the Dungeon)

   It burns those it strikes, dealing additional fire damage.
   Big, fiery blades are also staple armaments of hydra-hunters.
   rF:        It protects you from fire.
Missiles
 j - 12 poisoned darts (quivered)
Armour
 e - a +0 pair of gloves (worn)
 q - a +0 buckler (worn)
 v - a +0 plate armour (worn)
 B - a +0 pair of boots of flying (worn)
Jewellery
 f - an amulet of reflection (around neck)
 p - an amulet of regeneration
Wands
 y - a wand of charming (9)
 A - a wand of iceblast (6)
Scrolls
 h - 3 scrolls of identify
 k - a scroll of brand weapon
 m - 3 scrolls of immolation
 r - 3 scrolls of summoning
 s - 3 scrolls of teleportation
 u - a scroll of vulnerability {unknown}
 x - a scroll of holy word {unknown}
 D - a scroll of fog {unknown}
Potions
 c - a potion of ambrosia
 d - a potion of brilliance
 g - a potion of magic {unknown}
 i - 3 potions of heal wounds
 l - a potion of berserk rage {unknown}
 n - a potion of degeneration {unknown}
 o - a potion of mutation {unknown}
 t - 2 potions of curing
 w - 2 potions of lignification {unknown}
 C - a potion of attraction {unknown}


   Skills:
 - Level 5.0 Fighting
 + Level 15.1 Axes
 - Level 5.0 Armour
 - Level 2.1 Dodging
 - Level 5.0 Shields


You had 8 spell levels left.
You didn't know any spells.
Your spell library contained the following spells:

 Spells                   Type           Power      Damage    Failure   Level
 Conjure Flame            Conj/Fire      0%         6-21      100%        3
 Ignite Poison            Fire/Tmut/Pois 0%         N/A       100%        3
 Sticky Flame             Conj/Fire      0%         2d3       100%        4


Dungeon Overview and Level Annotations

Branches:
Dungeon (9/15)             Temple (0/1) D:4
   Lair: D:8-11         Orc: D:9-12

Altars:


Innate Abilities, Weirdness & Mutations

You have a pair of horns on your head.
You reflexively headbutt those who attack you in melee.


Message History

You feel yourself slow down.
There is an open door here.
You hit the freezing wraith.
You headbutt the freezing wraith, but do no damage.
The freezing wraith is lightly damaged.
You block the freezing wraith's attack.
The freezing wraith hits you but does no damage.
You barely miss the freezing wraith.
The freezing wraith is lightly damaged.
You block the freezing wraith's attack.
The freezing wraith hits you but does no damage.
The freezing wraith barely misses you. You block the freezing wraith's attack.
You hit the freezing wraith but do no damage.
The freezing wraith is lightly damaged.
The freezing wraith hits you. The freezing wraith freezes you!
The freezing wraith completely misses you.
You barely miss the freezing wraith.
The freezing wraith is lightly damaged.
You block the freezing wraith's attack. x2
You hit the freezing wraith but do no damage.
You headbutt the freezing wraith.
The freezing wraith is lightly damaged.
You block the freezing wraith's attack.
The freezing wraith hits you but does no damage.
Unknown command.
You hit the freezing wraith.
The freezing wraith is lightly damaged.
You block the freezing wraith's attack. The freezing wraith closely misses you.
You barely miss the freezing wraith.
Your headbutt misses the freezing wraith.
The freezing wraith is lightly damaged.
You block the freezing wraith's attack. The freezing wraith hits you. x2
The freezing wraith freezes you!!
* * * LOW HITPOINT WARNING * * *
The freezing wraith barely misses you.
You slash the freezing wraith!
The freezing wraith is moderately damaged.
You feel yourself speed up. The freezing wraith hits you.
You die...

###.##.###..#######.##.#########
# #....# #..# #.##.........# #
####.# #.## #.##########.# # #..
..# #.# #.# # ###.######## #.#
#.# # #.##########.# #.#
###...####.# #.# ##.###W###.##
#(# ##.+}#.@....# ### #.#
.#.###.#!...###.#####.#
###...##[......#.(....#
#######.......###.#####
####.#........#.##
#.#.......#.## #.###.....#.# #.
##...##.# ##.###.#


You could see a freezing wraith.

Vanquished Creatures
  Pikel (D:8)
  Joseph (D:7)
  Grinder (D:6)
  Eustachio (D:6)
  A black bear (D:5)
  A phantom (D:4)
  3 centaurs
  2 lemures (D:8)
  4 bullfrogs
  2 scorpions
  A wyvern skeleton (D:5)
  2 water moccasin skeletons
  8 wights
  A howler monkey (D:5)
  A bullfrog zombie (D:6)
  A centaur zombie (D:7)
  5 hounds
  3 orc priests
  A jelly (D:7)
  A bullfrog skeleton (D:6)
  A gnoll shaman (D:5)
  A centaur skeleton (D:7)
  5 orc wizards
  6 iguanas
  2 hound skeletons (D:4)
  9 adders
  10 gnolls
  3 howler monkey skeletons
  A shadow imp (D:7)
  2 ufetubi
  2 worms (D:2)
  2 dart slugs
  26 orcs
  3 bats
  5 endoplasms
  5 giant cockroaches
  10 goblins
  5 hobgoblins
  20 jackals
  6 quokkas
  6 ball pythons
  7 frilled lizards
  4 kobolds
  6 rats
188 creatures vanquished.

Notes
Turn   | Place    | Note
-------+----------+-------------------------------------------
     0 | D:1      | Tinkle the Minotaur Berserker began the quest for the Orb.
     0 | D:1      | Reached XP level 1. HP: 19/19 MP: 0/0
   177 | D:1      | Found a faded altar of an unknown god.
   231 | D:1      | Reached skill level 4 in Axes
   255 | D:1      | Reached XP level 2. HP: 19/27 MP: 1/1
   788 | D:1      | Reached XP level 3. HP: 28/34 MP: 2/2
   865 | D:1      | Reached ** piety under Trog
  1965 | D:2      | Reached XP level 4. HP: 29/41 MP: 3/3
  1967 | D:2      | Reached skill level 5 in Fighting
  1967 | D:2      | Reached skill level 5 in Axes
  3076 | D:3      | Reached *** piety under Trog
  3203 | D:3      | Reached skill level 6 in Axes
  3203 | D:3      | Reached XP level 5. HP: 40/48 MP: 4/4
  3696 | D:3      | Identified the +0 mace of Drought {vorpal, Fly Will+ SInv}
  4440 | D:4      | Noticed a phantom
  4657 | D:4      | Reached skill level 7 in Axes
  4674 | D:4      | Killed a phantom
  4675 | D:4      | Reached XP level 6. HP: 39/56 MP: 5/5
  4805 | D:4      | Found a staircase to the Ecumenical Temple.
  4853 | D:4      | Reached skill level 8 in Axes
  5075 | D:4      | Reached **** piety under Trog
  5111 | D:4      | Reached skill level 9 in Axes
  5111 | D:4      | Reached XP level 7. HP: 61/61 MP: 6/6
  5390 | D:5      | Entered Level 5 of the Dungeon
  5582 | D:5      | Reached skill level 10 in Axes
  6459 | D:6      | Reached XP level 8. HP: 68/68 MP: 7/7
  6460 | D:6      | Noticed Eustachio
  6883 | D:6      | Killed Eustachio
  6889 | D:6      | Reached skill level 11 in Axes
  7077 | D:6      | Reached skill level 5 in Armour
  7168 | D:6      | Reached skill level 1 in Shields
  7818 | D:6      | You fall into a shaft and drop 3 floors!
  7915 | D:7      | Noticed Joseph
  7926 | D:7      | Killed Joseph
  7927 | D:7      | Reached skill level 12 in Axes
  7934 | D:7      | Identified the +9 falchion "Yrulauna" {flame, rF+}
  7942 | D:7      | Reached XP level 9. HP: 52/74 MP: 8/8
  8335 | D:6      | Noticed Grinder
  8344 | D:6      | Killed Grinder
  8345 | D:6      | Reached skill level 5 in Shields
  8433 | D:7      | Reached skill level 13 in Axes
  9062 | D:7      | Reached skill level 14 in Axes
  9105 | D:8      | Noticed Pikel
  9119 | D:8      | Killed Pikel
  9127 | D:8      | Reached ***** piety under Trog
  9128 | D:8      | Reached skill level 15 in Axes
  9861 | D:8      | Noticed a freezing wraith
  9875 | D:8      | Slain by a freezing wraith

Illustrated notes

Levels and vault maps discovered:
D:1:      sevenhm_arrival_forest_fort_large_2, layout_loops_ring,
          dreamdust_ecumenical_altar_angels_and_demons
D:2:      layout_basic, kennysheep_generic_room_15
D:3:      layout_loops_ring, chequers_serial_rivers_large_b
D:4:      layout_basic, minmay_temple_entry_stoned_glass
D:5:      layout_cave_pools, moated_statue
D:6:      layout_basic, uniq_eustachio, uniq_grinder
D:7:      layout_rooms, uniq_joseph
D:8:      layout_loops_ring, erik_lair_dragon, kennysheep_just_a_vault,
          uniq_pikel
D:9:      layout_rooms

Skill      XL: |  1  2  3  4  5  6  7  8  9 |
---------------+----------------------------+-----
Fighting       | 4 5 |  5.0
Axes           | 4 6 7 9 10 12 15 | 15.1
Armour         | 3 5 |  5.0
Shields        | 4 5 |  5.0
Dodging        | |  2.1

Action                   |  1- 3 |  4- 6 |  7- 9 || total
-------------------------+-------+-------+-------++-------
Melee: Hand axe          |    99 |    58 |       ||   157
       Headbutt          |    13 |    23 |    42 ||    78
       Punch             |     2 |     1 |       ||     3
       War axe           |       |   103 |   216 ||   319
Throw: Dart              |       |     4 |     9 ||    13
Invok: Berserk           |       |     2 |       ||     2
       Trog's Hand       |       |       |     1 ||     1
  Use: Scroll            |       |       |     8 ||     8
 Stab: Sleeping          |     1 |       |       ||     1
Armor: Animal skin       |    22 |     6 |       ||    28
       Leather armour    |       |     9 |       ||     9
       Scale mail        |       |     9 |       ||     9
       Chain mail        |       |     3 |    15 ||    18
       Plate armour      |       |       |    88 ||    88
Dodge: Dodged            |    66 |    87 |    66 ||   219
Block: Other             |    15 |    39 |    24 ||    78
       Buckler           |       |       |    74 ||    74
       Reflection        |       |       |     6 ||     6
